Map: Ice Cliffs

Players

Kinneh

  • Race: Zerg Zerg

Excess

  • Race: Protoss Protoss

Borador

  • Race: Terran Terran
  • League: Silver

Raab - Winner!

  • Race: Protoss Protoss
  • League: Platinum

Biomag - Winner!

  • Race: Zerg Zerg

Jimmi - Winner!

  • Race: Protoss Protoss

VOD

Have the link to the VOD?

Description

Time

  • Played on: Dec. 7, 2015, 4:19 p.m.
  • Length: 14:14
Show
View Real Time Build Order
Export as new Build Order

Kinneh Zerg 

Build Orders: Pool First 

Get SALT Encoding   

  12  0:01  Drone  
  13  0:12  Overlord  
  13  0:17  Drone  
  14  0:30  Drone x2  
  14  0:35  Drone  
  17  0:46  Spawning Pool  
  17  0:49  Drone  
  17  0:53  Extractor  
  16  0:58  Drone  
  17  1:17  Hatchery  
  16  1:21  Drone  
  17  1:31  Drone  
  18  1:33  Queen  
  18  1:39  Spore Crawler  
  19  1:43  Zergling x2  
  19  1:44  Zergling x2  
  21  1:51  Drone  
  20  2:23  Zergling x4  
  21  2:40  Drone x2, Queen  
  21  2:42  Queen  
  27  2:55  Drone  
  28  2:59  Overlord x2  
  28  3:17  Drone x2  
  30  3:28  Roach Warren  
  30  3:32  Drone x2  
  31  3:40  Drone  
  32  3:49  Drone x2  
  32  3:50  Drone  
  32  3:55  Extractor  
  34  4:01  Drone x3  
  37  4:03  Drone x3  
  37  4:05  Queen  
  37  4:07  Queen  
  37  4:09  Overlord  
  44  4:19  Evolution Chamber  
  43  4:28  Roach x2  
  43  4:30  Roach x2  
  51  4:33  Overlord  
  51  4:52  Drone x3  
  54  4:56  Extractor  
  54  4:59  Spore Crawler  
  52  5:02  Spore Crawler  
  51  5:12  Roach x4  
  47  6:00  Drone x3  
  48  6:16  Roach x3  
  48  6:28  Lair  
  48  6:48  Zerg Missile Weapons Level 1  
  48  7:13  Roach  
  48  7:14  Roach  
  51  7:16  Extractor  
  48  7:31  Spine Crawler  
  45  7:40  Spine Crawler  
  44  8:02  Queen  
  46  8:22  Hatchery  
  46  8:26  Roach x3  
  51  8:27  Overlord x5  
  51  8:28  Overlord x5  
  51  8:29  Overlord x2  
  51  8:44  Queen  
  51  8:46  Ravager x3  
  51  8:47  Ravager x2  
  58  9:00  Hatchery  
  42  9:34  Hatchery  
  42  9:35  Overseer, Roach x3  
  42  9:36  Overseer, Roach x7  
  42  9:37  Roach x7  
  75  10:09  Drone x4  
  75  10:10  Drone x3  
  82  10:21  Extractor  
  82  10:26  Drone  
  82  10:27  Drone x4  
  82  10:28  Drone  
  87  10:32  Queen  
  89  11:00  Ravager x4  
  89  11:01  Ravager x3  
  89  11:02  Ravager x2  
  89  11:03  Ravager x2  
  100  11:05  Drone x2  
  100  11:07  Ravager x2  
  100  11:10  Ravager  
  105  11:17  Zerg Ground Armor Level 1  
  105  11:22  Evolution Chamber  
  104  11:27  Hydralisk Den  
  104  11:28  Spire  
  102  11:36  Drone x3  
  102  11:39  Drone x3  
  108  11:50  Drone  
  92  12:50  Mutalisk x5  
  92  12:51  Mutalisk x7  
  94  12:52  Mutalisk x4  
Show
View Real Time Build Order
Export as new Build Order

Excess Protoss 

Build Orders: Oracle Opening 

Get SALT Encoding   

  12  0:01  Probe (Chrono Boost)  
  13  0:11  Probe (Chrono Boost)  
  14  0:21  Pylon  
  14  0:23  Probe (Chrono Boost)  
  15  0:32  Pylon  
  15  0:39  Probe (Chrono Boost)  
  15  0:41  Assimilator  
  16  0:47  Assimilator  
  17  0:50  Probe (Chrono Boost)  
  17  1:00  Probe (Chrono Boost)  
  18  1:11  Probe (Chrono Boost)  
  19  1:12  Gateway  
  19  1:21  Probe (Chrono Boost)  
  20  1:32  Probe (Chrono Boost)  
  21  1:42  Probe (Chrono Boost)  
  22  1:53  Probe (Chrono Boost)  
  23  1:57  Pylon  
  23  2:02  Cybernetics Core  
  23  2:24  Zealot (Chrono Boost)  
  25  2:32  Forge  
  25  2:39  Stargate  
  25  2:42  Stargate  
  25  3:15  Probe  
  25  3:19  Protoss Air Weapons Level 1 (Chrono Boost)  
  24  3:22  Adept  
  24  3:27  Probe  
  27  3:35  Oracle x2  
  33  4:04  Probe, Nexus  
  33  4:07  Assimilator  
  34  4:12  Assimilator  
  34  4:15  Pylon  
  34  4:16  Probe  
  35  4:28  Probe  
  36  4:39  Pylon  
  36  4:40  Probe  
  36  4:44  Pylon  
  38  4:52  Probe  
  38  5:03  Void Ray x2  
  42  5:46  Void Ray x2  
  47  5:54  Probe  
  47  5:56  Probe  
  49  6:05  Probe  
  49  6:07  Protoss Shields Level 1  
  49  6:08  Probe  
  49  6:16  Probe  
  48  6:20  Probe  
  49  6:26  Probe  
  49  6:28  Void Ray  
  49  6:32  Probe  
  55  6:37  Probe  
  56  6:43  Void Ray  
  56  6:44  Probe  
  61  6:47  Probe  
  62  6:56  Probe  
  62  6:58  Probe  
  64  7:08  Probe  
  54  7:42  Mothership Core (Chrono Boost)  
  52  7:59  Protoss Air Armor Level 1  
  52  8:09  Stargate  
  52  8:12  Stargate  
  52  8:15  Probe (Chrono Boost)  
  53  8:25  Probe (Chrono Boost)  
  54  8:36  Probe (Chrono Boost)  
  55  8:42  Void Ray  
  55  8:45  Void Ray  
  55  8:46  Probe (Chrono Boost)  
  64  8:54  Pylon  
  64  8:55  Pylon  
  64  8:56  Pylon  
  64  8:57  Probe (Chrono Boost), Pylon  
  64  9:02  Zealot  
  67  9:26  Void Ray  
  67  9:29  Void Ray, Zealot  
  77  9:51  Void Ray  
  81  9:56  Zealot  
  83  10:23  Void Ray, Zealot  
  89  10:39  Pylon  
  89  10:41  Pylon  
  86  10:45  Void Ray  
  90  10:50  Zealot  
  90  10:54  Void Ray  
  96  11:06  Pylon x2  
  96  11:08  Pylon  
  96  11:09  Void Ray  
  100  11:15  Photon Cannon  
  100  11:17  Photon Cannon  
  100  11:20  Photon Cannon  
  100  11:31  Probe x2 (Chrono Boost), Nexus  
  102  11:42  Probe x2 (Chrono Boost)  
  104  11:52  Void Ray  
  91  12:43  Void Ray x2  
  91  12:44  Void Ray  
  97  12:45  Void Ray  
  99  13:26  Void Ray  
Show
View Real Time Build Order
Export as new Build Order

Borador Terran 

Build Orders: MMM Bio 

Get SALT Encoding   

  12  0:01  SCV  
  13  0:13  SCV  
  14  0:20  Supply Depot  
  14  0:25  SCV  
  15  0:42  SCV  
  16  0:44  Barracks  
  16  0:50  Refinery  
  16  0:54  SCV  
  17  1:06  SCV  
  18  1:18  SCV  
  19  1:30  SCV  
  19  1:31  Marine  
  21  1:34  Barracks  
  21  1:49  Marine  
  22  2:07  Marine  
  23  2:50  Supply Depot  
  23  2:58  Orbital Command  
  23  3:06  Barracks Tech Lab  
  23  3:12  Barracks Reactor  
  22  3:15  Supply Depot  
  22  3:25  Refinery  
  22  3:38  Supply Depot  
  22  3:48  Marauder  
  24  3:50  Marine x2  
  26  3:57  Combat Shields  
  26  4:08  Marine x2  
  26  4:09  Marauder  
  30  4:13  Command Center  
  30  4:19  SCV  
  31  4:26  Marine x2  
  31  4:30  Marauder  
  35  4:31  SCV  
  36  4:43  SCV  
  36  4:44  Marine x2  
  39  4:51  Marine  
  40  4:55  SCV  
  41  5:01  Marine  
  41  5:02  Marine  
  43  5:09  Marine  
  44  5:17  Stimpack  
  44  5:19  Marine x2  
  44  5:27  Marine  
  40  5:37  Marine x2  
  41  5:45  Marine  
  40  5:55  Marine x2  
  41  6:02  Marine  
  42  6:13  Marine x2  
  44  6:20  Marine  
  45  6:26  Factory  
  45  6:30  Marine  
  45  6:31  Marine  
  42  6:38  Marine  
  40  6:48  Marine x2  
  42  6:56  Marine  
  43  7:06  Marine x2  
  43  7:07  SCV  
  46  7:08  Refinery  
  46  7:14  Marine  
  47  7:18  Concussive Shells  
  47  7:19  SCV  
  48  7:24  Marine x2  
  48  7:31  SCV, Marine  
  48  7:32  Refinery  
  50  7:42  Marine x2  
  50  7:43  SCV  
  53  7:49  Marine  
  54  7:52  Hellion  
  54  7:55  SCV  
  57  8:01  Factory  
  57  8:07  SCV  
  57  8:11  Supply Depot  
  58  8:14  Hellion  
  58  8:19  SCV  
  61  8:31  SCV  
  61  8:33  Supply Depot  
  62  8:35  Hellion  
  62  8:39  Marine x3  
  67  8:45  Factory Tech Lab  
  67  8:50  Starport  
  67  8:56  Supply Depot, Hellion, Marine  
  67  8:57  Marine x2  
  72  9:14  Marine x3  
  75  9:18  Hellion  
  75  9:19  Supply Depot  
  77  9:32  Marine x3  
  80  9:42  Supply Depot  
  80  9:50  Marine x3  
  83  9:53  Siege Tank  
  83  9:55  SCV  
  87  10:07  SCV  
  87  10:08  Marine x3  
  91  10:17  Starport Tech Lab  
  91  10:19  SCV  
  92  10:25  Siege Tank, Marine  
  92  10:26  Marine x2  
  98  10:31  SCV, Engineering Bay  
  99  10:43  Marine x2  
  99  10:44  SCV  
  102  10:52  Starport  
  102  10:53  Cloaking Field  
  102  11:03  Supply Depot  
  102  11:24  SCV, Siege Tank, Marine x3  
  109  11:26  Supply Depot  
  109  11:35  Starport Tech Lab  
  109  11:42  Marine  
  109  11:45  Supply Depot  
  110  11:47  Marine x2  
  110  11:48  Supply Depot  
  112  11:56  Siege Tank  
  112  12:00  Marine  
  116  12:05  Command Center, Marine x2  
  118  12:08  Supply Depot  
  118  12:11  Supply Depot  
  118  12:17  Marine  
  112  12:23  Marine x2  
  112  12:28  Siege Tank  
  96  12:31  Supply Depot  
  96  12:35  Marine  
  57  13:04  Marine x2  
  57  13:05  Marine  
  60  13:22  Marine x3  
  57  13:40  Marine x3  
Show
View Real Time Build Order
Export as new Build Order

Raab Protoss - Winner!

Build Orders:  

Get SALT Encoding   

  12  0:01  Probe (Chrono Boost)  
  13  0:11  Probe (Chrono Boost)  
  14  0:19  Pylon  
  14  0:22  Probe (Chrono Boost)  
  15  0:32  Assimilator  
  15  0:37  Probe (Chrono Boost)  
  16  0:43  Gateway  
  16  0:47  Probe (Chrono Boost)  
  17  1:03  Probe (Chrono Boost)  
  18  1:09  Forge  
  18  1:15  Probe (Chrono Boost)  
  19  1:25  Probe (Chrono Boost)  
  20  1:31  Cybernetics Core  
  20  1:36  Probe (Chrono Boost)  
  21  1:46  Probe (Chrono Boost)  
  22  1:49  Pylon  
  22  2:00  Probe (Chrono Boost)  
  23  2:09  Photon Cannon  
  23  2:11  Mothership Core (Chrono Boost)  
  25  2:19  Photon Cannon  
  25  2:31  Warp Gate (Chrono Boost)  
  25  2:37  Probe (Chrono Boost)  
  26  2:42  Pylon  
  26  3:02  Nexus  
  26  3:07  Assimilator  
  26  3:08  Probe  
  27  3:17  Protoss Ground Weapons Level 1  
  27  3:20  Probe, Gateway  
  27  3:22  Pylon  
  27  3:23  Pylon  
  28  3:43  Probe  
  29  3:50  Robotics Facility  
  29  3:52  Gateway  
  29  4:09  Probe  
  30  4:20  Robotics Facility  
  30  4:21  Probe  
  30  4:22  Pylon  
  31  4:29  Probe  
  32  4:32  Assimilator  
  32  4:33  Probe  
  33  4:39  Probe, Assimilator  
  33  4:45  Probe  
  33  4:49  Pylon  
  33  4:50  Probe  
  35  4:57  Probe  
  35  4:59  Robotics Bay  
  36  5:04  Pylon  
  36  5:09  Probe  
  36  5:11  Probe, Pylon  
  38  5:20  Probe  
  38  5:23  Probe, Protoss Ground Armor Level 1  
  40  5:29  Twilight Council  
  40  5:30  Probe  
  40  5:31  Pylon  
  40  5:35  Probe  
  42  5:41  Probe  
  42  5:47  Probe (Chrono Boost)  
  44  5:50  Extended Thermal Lance  
  44  5:53  Probe (Chrono Boost)  
  45  5:59  Probe (Chrono Boost)  
  47  6:04  Probe (Chrono Boost)  
  47  6:09  Probe (Chrono Boost)  
  48  6:12  Colossus (Chrono Boost)  
  48  6:13  Probe (Chrono Boost)  
  55  6:20  Gateway, Probe  
  55  6:23  Probe  
  55  6:24  Gateway  
  57  6:31  Charge  
  57  6:32  Probe  
  58  6:34  Probe  
  58  6:35  Gateway x2  
  59  6:53  Photon Cannon  
  59  6:56  Photon Cannon  
  59  7:00  Colossus (Chrono Boost)  
  65  7:04  Zealot x3  
  71  7:22  Protoss Ground Weapons Level 2 (Chrono Boost)  
  71  7:32  Zealot x3  
  77  7:39  Pylon  
  77  7:42  Probe  
  77  7:44  Probe  
  77  7:48  Colossus  
  85  7:53  Probe  
  85  7:56  Probe  
  85  7:57  Stalker x3  
  93  8:04  Probe  
  94  8:08  Probe  
  95  8:15  Nexus  
  95  8:19  Pylon  
  95  8:20  Assimilator  
  95  8:24  Assimilator  
  95  8:28  Pylon  
  95  8:32  Zealot x4  
  103  8:42  Colossus  
  109  9:10  Nexus  
  109  9:13  Stalker x2  
  113  9:19  Stalker  
  113  9:20  Stalker  
  113  9:23  Protoss Ground Armor Level 2 (Chrono Boost)  
  117  9:28  Probe  
  117  9:29  Probe  
  117  9:30  Probe  
  120  9:35  Colossus  
  126  9:42  Probe  
  126  9:44  Zealot x4  
  135  9:51  Probe  
  136  9:53  Probe  
  136  9:55  Probe  
  138  10:01  Probe  
  138  10:02  Zealot  
  141  10:12  Pylon  
  141  10:14  Pylon  
  141  10:19  Assimilator  
  141  10:20  Probe x2  
  141  10:21  Probe  
  141  10:24  Pylon, Assimilator  
  141  10:28  Pylon  
  144  10:30  Probe  
  144  10:32  Pylon  
  144  10:33  Probe  
  146  10:38  Adept x3  
  146  10:39  Adept  
  146  10:40  Zealot x2  
  158  10:44  Colossus  
  164  10:56  Photon Cannon  
  164  11:11  Protoss Ground Weapons Level 3 (Chrono Boost)  
  164  11:16  Zealot x2  
  164  11:17  Zealot x2  
  172  11:18  Adept  
  172  11:19  Adept  
  176  11:31  Gateway  
  176  11:32  Gateway  
  176  11:34  Gateway  
  176  11:36  Gateway  
  176  11:38  Gateway x2  
  176  11:44  Zealot x3  
  176  11:45  Zealot x2  
  186  11:50  Adept  
  188  12:14  Stalker x4  
  196  12:18  Resonating Glaives (Chrono Boost)  
  196  12:35  Pylon  
  196  12:37  Pylon  
  196  12:38  Pylon  
  196  13:01  Stalker  
  196  13:02  Stalker  
  184  14:12  Zealot x2  
  184  14:13  Zealot x5  
Show
View Real Time Build Order
Export as new Build Order

Biomag Zerg - Winner!

Build Orders: Pool First 

Get SALT Encoding   

  12  0:01  Drone  
  13  0:09  Drone  
  14  0:15  Extractor  
  14  0:19  Drone  
  14  0:24  Extractor  
  14  0:25  Drone  
  15  0:29  Overlord  
  15  0:47  Spawning Pool  
  15  0:49  Drone  
  15  0:58  Drone  
  15  1:01  Drone  
  17  1:33  Queen  
  17  1:34  Zergling x4  
  17  1:35  Zergling x2  
  22  1:51  Overlord  
  22  1:57  Hatchery  
  22  1:59  Zergling x2  
  22  2:07  Metabolic Boost  
  21  2:35  Drone x3  
  23  2:50  Drone x2  
  25  2:53  Drone  
  26  3:02  Drone  
  25  3:13  Queen  
  25  3:15  Drone x2  
  29  3:25  Zergling x2  
  29  3:26  Zergling x6  
  33  3:28  Zergling x2  
  33  3:34  Drone  
  35  3:40  Spore Crawler  
  34  3:43  Drone x2, Spine Crawler  
  34  3:45  Overlord  
  35  3:55  Spore Crawler  
  35  3:56  Drone  
  35  3:57  Overlord  
  35  4:04  Drone x4  
  35  4:09  Drone  
  40  4:19  Drone x2  
  42  4:27  Hatchery  
  42  4:29  Zergling x4  
  42  4:30  Zergling x4  
  45  4:48  Zergling x2  
  45  4:49  Zergling x8  
  48  5:10  Drone x2  
  48  5:11  Drone  
  51  5:14  Overlord x2  
  51  5:20  Drone x3  
  50  5:27  Extractor  
  50  5:28  Drone x4  
  49  5:46  Queen  
  47  5:59  Lair  
  47  6:02  Extractor  
  46  6:05  Zergling x14, Extractor  
  46  6:06  Zergling x4  
  54  6:16  Evolution Chamber  
  54  6:17  Evolution Chamber  
  52  6:20  Spore Crawler  
  52  6:22  Drone x5  
  56  6:30  Drone  
  56  6:31  Drone  
  56  6:32  Drone x2  
  60  6:36  Drone x4  
  64  6:48  Spine Crawler  
  63  6:55  Drone x3  
  63  6:56  Drone x3  
  64  7:16  Drone  
  64  7:17  Drone x2  
  64  7:18  Drone x3  
  64  7:19  Drone  
  67  7:51  Zerg Missile Weapons Level 1, Zerg Ground Armor Level 1  
  67  7:56  Roach Warren  
  66  8:01  Overlord x4, Hydralisk Den  
  66  8:02  Overlord x3  
  65  8:06  Spine Crawler  
  65  8:07  Spine Crawler x2  
  65  8:08  Spore Crawler, Spine Crawler  
  65  8:10  Drone  
  65  8:11  Drone x3  
  65  8:12  Spine Crawler  
  63  8:14  Extractor  
  63  8:15  Extractor  
  63  8:19  Spine Crawler  
  60  8:20  Spine Crawler  
  59  8:33  Muscular Augments  
  59  8:36  Glial Reconstitution  
  59  8:38  Roach  
  59  8:39  Roach x12  
  85  8:43  Overseer x2  
  85  8:47  Pneumatized Carapace  
  85  8:54  Drone  
  85  8:55  Drone x2  
  88  8:57  Drone x3  
  91  9:14  Hydralisk  
  91  9:15  Hydralisk x5  
  103  9:25  Hatchery  
  102  9:42  Hydralisk  
  102  9:43  Hydralisk x8  
  120  9:47  Overlord x3  
  120  9:54  Ravager  
  120  9:57  Overlord x4  
  121  10:06  Ravager x6  
  121  10:07  Ravager x5  
  129  10:09  Ravager  
  133  10:22  Zerg Missile Weapons Level 2  
  133  10:28  Drone x5  
  138  10:32  Drone x9  
  147  10:44  Drone x4  
  151  10:59  Extractor  
  151  11:01  Spine Crawler, Extractor  
  148  11:05  Hydralisk x5  
  148  11:06  Hydralisk x5  
  168  11:15  Zerg Ground Armor Level 2  
  168  11:20  Infestation Pit  
  167  11:26  Hatchery  
  167  11:28  Hatchery  
  165  11:36  Drone  
  165  11:37  Drone x4  
  170  11:49  Lurker Den  
  170  11:54  Hydralisk x6  
  170  11:57  Overlord x10  
  170  11:58  Overlord x2  
  149  12:42  Hydralisk  
  149  12:43  Hydralisk x22  
  149  12:44  Hydralisk x3  
  133  12:58  Hydralisk x2  
  133  12:59  Hydralisk x4  
  133  13:02  Hydralisk  
  133  13:03  Hydralisk  
  149  13:17  Drone  
  149  13:18  Drone  
  149  13:19  Hydralisk  
  151  13:20  Hydralisk x4  
  161  13:39  Hydralisk  
  161  13:40  Hydralisk x7  
Show
View Real Time Build Order
Export as new Build Order

Jimmi Protoss - Winner!

Build Orders:  

Get SALT Encoding   

  12  0:03  Probe (Chrono Boost)  
  13  0:15  Pylon  
  14  0:21  Probe (Chrono Boost)  
  14  0:34  Gateway  
  14  0:37  Probe (Chrono Boost)  
  15  0:55  Probe (Chrono Boost)  
  16  0:59  Assimilator  
  16  1:05  Probe (Chrono Boost)  
  17  1:16  Probe (Chrono Boost)  
  18  1:18  Pylon  
  18  1:35  Cybernetics Core, Probe (Chrono Boost)  
  19  1:42  Assimilator  
  19  1:45  Gateway, Probe (Chrono Boost)  
  20  1:56  Probe (Chrono Boost)  
  21  2:06  Forge  
  21  2:09  Probe (Chrono Boost)  
  21  2:11  Warp Gate (Chrono Boost)  
  22  2:19  Pylon  
  22  2:21  Probe  
  23  2:33  Probe  
  24  2:39  Gateway  
  24  2:42  Protoss Ground Weapons Level 1 (Chrono Boost)  
  24  2:58  Gateway  
  24  3:02  Probe, Pylon  
  25  3:33  Nexus  
  25  3:50  Twilight Council  
  25  3:57  Probe  
  26  4:07  Zealot x3  
  26  4:08  Zealot  
  34  4:26  Charge (Chrono Boost)  
  34  4:31  Zealot x3  
  40  4:44  Stalker  
  40  4:52  Stalker  
  38  4:53  Stalker  
  36  5:01  Zealot  
  38  5:11  Zealot  
  40  5:23  Stalker  
  40  5:24  Stalker  
  36  5:56  Zealot x4  
  36  6:16  Zealot x2  
  36  6:17  Zealot x2  
  42  6:23  Probe  
  42  6:24  Probe  
  38  6:33  Probe  
  38  6:36  Probe  
  30  6:42  Zealot x3  
  30  6:44  Probe  
  30  6:46  Zealot  
  39  6:54  Probe  
  40  7:03  Zealot x2  
  40  7:05  Zealot  
  42  7:36  Probe, Zealot x4  
  40  7:42  Assimilator  
  41  7:47  Probe, Assimilator  
  41  7:49  Blink (Chrono Boost)  
  41  7:51  Protoss Ground Armor Level 1 (Chrono Boost)  
  42  7:52  Probe  
  42  7:57  Zealot  
  42  7:58  Probe  
  45  8:00  Zealot  
  45  8:04  Zealot  
  50  8:08  Zealot  
  50  8:10  Probe  
  53  8:20  Probe  
  54  8:27  Zealot x2  
  54  8:31  Probe  
  54  8:32  Zealot  
  61  8:42  Probe  
  62  8:51  Templar Archives  
  40  9:22  Pylon  
  40  9:24  Stalker x3  
  46  9:32  Protoss Ground Weapons Level 2 (Chrono Boost)  
  46  9:34  Psionic Storm  
  46  9:46  Gateway  
  46  9:48  Gateway  
  46  9:50  Pylon  
  46  9:53  Gateway  
  46  9:56  Photon Cannon  
  46  9:57  Stalker x2  
  46  9:59  Stalker  
  52  10:45  Stalker x3  
  58  11:06  Gateway  
  58  11:08  Gateway  
  58  11:11  Gateway  
  58  11:13  Pylon  
  58  11:15  High Templar  
  58  11:16  High Templar x5  
  70  11:32  Protoss Shields Level 1 (Chrono Boost)  
  70  11:49  Stalker x3  
  70  11:50  Stalker  
  60  13:47  High Templar  
  60  13:48  Stalker x5  
  64  14:03  Pylon  
  64  14:05  Pylon  
  64  14:06  Stalker x3  
Tags
 
Add a new tag
Caveats
  • Supply blocks, unpowered buildings, or Contaminate may cause inaccurate times.
  • Supply counts are checked every 10 seconds.